 Dungeon Crawl Stone Soup version 0.23.2-1-ga50397a (webtiles) character file.

Game seed: 2032193621304851418

1725 Kairos the Grappler (level 9, 0/71 HPs)
             Began as a Ghoul Monk on Apr 22, 2019.
             Killed by divine providence
             ... invoked by an orc priest
              (10 damage)
             ... on level 5 of the Dungeon.
             The game lasted 00:10:54 (4114 turns).

Kairos the Grappler (Ghoul Monk)                    Turns: 4114, Time: 00:10:54

Health: 0/71       AC:  7    Str: 18    XL:     9   Next: 4%
Magic:  8/8        EV: 12    Int:  5    God:
Gold:   303        SH:  0    Dex: 11    Spells: 8/8 levels left

rFire    + . .     SeeInvis .     - Unarmed
rCold    + . .     Gourm    .   (no shield)
rNeg     + + +     Faith    .   d - +0 ring mail
rPois    ∞         Spirit   .   (no helmet)
rElec    .         Reflect  .   (no cloak)
rCorr    .         Harm     .   (no gloves)
MR       .....                  t - +0 pair of boots
Stlth    ++........             (no amulet)
HPRegen  0.00/turn              k - ring of protection from fire
MPRegen  0.11/turn              (no ring)

@: rotting
A: rotting body, claws 1, carnivore, cold resistance 1, negative energy
resistance 3, inhibited regeneration, torment resistance, unbreathing
a: no special abilities


You were on level 5 of the Dungeon.
You were not hungry.

You visited 1 branch of the dungeon, and saw 6 of its levels.

You collected 303 gold pieces.

Inventory:

Hand Weapons
 o - a +2 short sword of draining
 u - the +10 scythe "Koril" {drain, rPois MR+}
   (You found it on level 4 of the Dungeon)

   A truly terrible weapon, it drains the life of those it strikes.
   It protects you from poison.
   It affects your resistance to hostile enchantments.
 C - a +0 quarterstaff
 D - a cursed -2 short sword
 E - a +3 flail of draining
Missiles
 x - 5 tomahawks (quivered)
Armour
 a - a +0 robe
 d - a +0 ring mail (worn)
 t - a +0 pair of boots (worn)
Jewellery
 k - a ring of protection from fire (left claw)
 w - an uncursed amulet of magic regeneration {unknown}
Wands
 g - a wand of disintegration (10)
 p - a wand of paralysis (5)
Scrolls
 c - a scroll of remove curse {unknown}
 e - 2 scrolls of random uselessness {unknown}
 i - a scroll of teleportation {unknown}
 l - 2 scrolls of fear {unknown}
 m - 3 scrolls of immolation {unknown}
 n - a scroll of enchant weapon
 q - 2 scrolls of blinking {unknown}
 r - a scroll of magic mapping {unknown}
 y - a scroll of identify
 A - a scroll of amnesia {unknown}
Potions
 f - a potion of degeneration {unknown}
 h - a potion of cancellation {unknown}
 j - 5 potions of curing
 s - a potion of heal wounds
 z - a potion of flight {unknown}
Miscellaneous
 v - a lamp of fire
Comestibles
 b - 7 rations
 B - 2 chunks of flesh


   Skills:
 + Level 4.3 Fighting
 + Level 0.4 Polearms
 + Level 4.1 Armour
 + Level 4.3 Dodging
 + Level 3.8 Stealth
 * Level 10.0 Unarmed Combat


You had 8 spell levels left.
You didn't know any spells.
Your spell library contained the following spells:

 Spells                   Type           Power        Failure   Level  Hunger
 Animate Skeleton         Necr           N/A          65%         1    ##.....
 Apportation              Tloc           #.....       65%         1    ##.....
 Confusing Touch          Hex            #.....       65%         1    ##.....
 Summon Small Mammal      Summ           #...         65%         1    ##.....


Dungeon Overview and Level Annotations

Branches:
Dungeon (6/15)
 Temple: D:4-7

Altars:
Ashenzari
Elyvilon
Ru

Shops:
D:5 =:(


Innate Abilities, Weirdness & Mutations

Your body is rotting away.
You thrive on raw meat.
You are immune to poison.
You have sharp fingernails.
You are carnivorous and can eat meat at any time.
Your flesh is cold resistant. (rC+)
You are immune to negative energy. (rN+++)
You do not regenerate when monsters are visible.
You are immune to unholy pain and torment.
You can survive without breathing.


Message History

The orc priest hits you but does no damage.
Okay, then.
The orc hits you but does no damage.
The orc warrior throws a tomahawk.
The tomahawk hits you!
* * * LOW HITPOINT WARNING * * *
You see here a tomahawk.
The orc priest hits you but does no damage.
The orc priest hits you but does no damage.
There is a stone staircase leading up here.
The orc misses you.
The orc priest hits you with a +0 dagger.
* * * LOW HITPOINT WARNING * * *
You climb upwards.
There is a stone staircase leading down here.
Eat one of 3 chunks of flesh? (ye/n/q)
You eat one of the 3 chunks of flesh.
This raw flesh tastes great!
The orc closely misses you.
The orc priest invokes the aid of Beogh against you.
Beogh smites you!
You die...

##### #######
#...# #......
####...#####......
#@o'...'...'......
#o##...#####......
#.##...# #......
#.##...# #.....)
#.##...# #....(.
#.###### ####...
#.# #... #)# ####
#.#


You could see an orc priest and an orc.

Vanquished Creatures
  The ghost of xelsha the Magician, an amateur GnWz (D:4)
  A hungry ghost (D:4)
  Edmund (D:5)
  A necrophage (D:5)
  2 sky beasts (D:5)
  3 ogres
  Blork the orc (D:4)
  A howler monkey (D:5)
  A bullfrog zombie (D:4)
  4 orc priests
  2 bullfrog skeletons
  A gnoll shaman (D:5)
  2 hounds (D:4)
  A worker ant (D:5)
  2 orc wizards (D:4)
  2 worker ant zombies (D:5)
  9 gnolls
  7 adders
  An ooze (D:3)
  An adder zombie (D:2)
  An adder skeleton (D:4)
  2 worms
  2 dart slugs (D:1)
  2 leopard geckos (D:1)
  21 orcs
  3 ball pythons
  5 giant cockroaches
  8 goblins
  8 hobgoblins
  7 kobolds
  2 quokkas
  9 bats
  A frilled lizard (D:1)
  A leopard gecko zombie (D:4)
  A quokka skeleton (D:5)
  5 rats
122 creatures vanquished.

Notes
Turn   | Place    | Note
-------+----------+-------------------------------------------
     0 | D:1      | Kairos the Ghoul Monk began the quest for the Orb.
     0 | D:1      | Reached XP level 1. HP: 19/19 MP: 0/0
   170 | D:1      | Reached XP level 2. HP: 14/26 MP: 1/1
   381 | D:1      | Reached XP level 3. HP: 31/31 MP: 2/2
   696 | D:2      | Reached skill level 4 in Unarmed Combat
   737 | D:2      | Reached XP level 4. HP: 39/39 MP: 3/3
  1508 | D:3      | Reached skill level 5 in Unarmed Combat
  1508 | D:3      | Reached XP level 5. HP: 7/46 MP: 4/4
  1567 | D:3      | Found a white marble altar of Elyvilon.
  2158 | D:3      | Reached skill level 1 in Armour
  2172 | D:3      | Reached XP level 6. HP: 18/52 MP: 5/5
  2542 | D:4      | Found a transporter.
  2542 | D:4      | Noticed xelsha's ghost (amateur GnWz)
  2547 | D:4      | Noticed a hungry ghost
  2578 | D:4      | Reached skill level 6 in Unarmed Combat
  2587 | D:4      | Noticed Blork the orc
  2613 | D:4      | Killed Blork the orc
  2646 | D:4      | Found a shattered altar of Ashenzari.
  2723 | D:4      | Got a steaming scythe
  2724 | D:4      | Identified the +10 scythe "Koril" {drain, rPois MR+} (You
                  | found it on level 4 of the Dungeon)
  2806 | D:4      | Reached XP level 7. HP: 46/59 MP: 6/6
  2986 | D:4      | Reached skill level 7 in Unarmed Combat
  3119 | D:4      | Found a transporter.
  3187 | D:4      | Found a sacrificial altar of Ru.
  3330 | D:4      | Killed a hungry ghost
  3345 | D:4      | Killed xelsha's ghost
  3345 | D:4      | Reached skill level 8 in Unarmed Combat
  3345 | D:4      | Reached XP level 8. HP: 43/65 MP: 7/7
  3394 | D:5      | Entered Level 5 of the Dungeon
  3502 | D:5      | Found Kytan's Jewellery Emporium.
  3598 | D:5      | Found Nuehuulit's Book Boutique.
  3633 | D:5      | Reached skill level 9 in Unarmed Combat
  3766 | D:5      | Found Ecouq's Antique Weapon Shop.
  3948 | D:5      | Noticed Edmund
  3956 | D:5      | Killed Edmund
  3971 | D:5      | Reached XP level 9. HP: 58/71 MP: 8/8
  4015 | D:5      | Reached skill level 10 in Unarmed Combat
  4112 | D:6      | HP: 3/71 [orc priest/+0 dagger (1)]
  4114 | D:5      | Killed from afar by an orc priest

Skill      XL: |  1  2  3  4  5  6  7  8  9 |
---------------+----------------------------+-----
Dodging        | 3 4 |  4.3
Unarmed Combat | 4 5 6 8 9 10 | 10.0
Stealth        | 3 |  3.8
Armour         | 1 3 4 |  4.1
Fighting       | 4 |  4.3
Polearms       | |  0.4

Action                   |  1- 3 |  4- 6 |  7- 9 || total
-------------------------+-------+-------+-------++-------
Melee: Unarmed           |    96 |   152 |   167 ||   415
       Punch             |     1 |     3 |     3 ||     7
       Scythe            |       |    13 |       ||    13
Evoke: Wand              |       |       |     1 ||     1
  Use: Scroll            |       |     3 |       ||     3
       Potion            |       |     2 |       ||     2
 Stab: Sleeping          |     6 |     5 |     1 ||    12
       Paralysed         |       |       |     4 ||     4
  Eat: Chunk             |     4 |    31 |    14 ||    49
Armor: Robe              |    23 |     4 |       ||    27
       Ring mail         |       |    58 |    43 ||   101
Dodge: Dodged            |    76 |   144 |    88 ||   308
